 Dungeon Crawl Stone Soup version 0.31.0-1-g2c135a008e (webtiles) character file.

Game seed: 13628038425159036014

175 qw the Shooter (level 5, -4/40 HPs)
             Began as a Djinni Hunter on Jan 23, 2024.
             Slain by a gnoll
             ... wielding a +0 spear
              (7 damage)
             ... on level 3 of the Dungeon.
             The game lasted 00:00:07 (1618 turns).

qw the Shooter (Djinni Hunter)                      Turns: 1618, Time: 00:00:08

Health: -4/40      AC:  5    Str: 10    XL:     5   Next: 86%
Gold:   146        EV: 11    Int: 11    God:
                   SH:  0    Dex: 18

rFire   + + .        a - +0 shortbow
rCold   x . .        (shield currently unavailable)
rNeg    . . .        d - +0 ring mail
rPois   inf          (no helmet)
rElec   .            (no cloak)
rCorr   .            (no gloves)
SInv    .            (boots unavailable)
Will    .....        (no amulet)
Stlth   +            (no ring)
HPRegen 0.26/turn    (no ring)
MPRegen 0.00/turn

%: infuse magic (-5 HP)
@: flying
A: sickness immunity, fire resistance 2, cold vulnerability 1, float, innate
caster, HP casting, extra vitality 1
a: no special abilities


You were on level 3 of the Dungeon.
You visited 1 branch of the dungeon, and saw 3 of its levels.

You collected 146 gold pieces.


Innate Abilities, Weirdness & Mutations

You are immune to sickness and miasma.
You are immune to poison.
Your flesh is very heat resistant. (rF++)
You are vulnerable to cold. (rC-)
You float through the air rather than walking.
You learn spells naturally, not from books.
Your magical power is your life essence.
You have superior vitality. (+4 MHP)


   Skills:
 - Level 3.0 Fighting
 - Level 5.0 Ranged Weapons
 - Level 1.0 Armour
 + Level 2.3 Dodging
 - Level 0.7 Stealth


You knew the following spells:

 Your Spells              Type           Power      Damage    Failure   Level
a - Freeze                Ice            0%         1d3       65%         1
b - Ensorcelled Hibernat  Hex/Ice        0%         N/A       80%         2
Your spell library was empty.

Inventory:

Hand Weapons
 a - a +0 shortbow (weapon)
Armour
 d - a +0 ring mail (worn)
Jewellery
 c - a ring of wizardry
Potions
 b - a potion of heal wounds {unknown}
 e - 2 potions of lignification {unknown}
 f - a potion of cancellation
 g - a potion of haste {unknown}

Dungeon Overview and Level Annotations

Branches:
Dungeon (3/15)

Altars:


Message History

You kill the gnoll!
You shoot an arrow. The arrow hits the gnoll.
The gnoll is lightly wounded.
The gnoll barely misses you.
You shoot an arrow.
The arrow hits the gnoll but does no damage.
The gnoll is lightly wounded.
The gnoll barely misses you. x2
You shoot an arrow. The arrow completely misses the gnoll.
The gnoll barely misses you.
You shoot an arrow.
The arrow hits the gnoll but does no damage.
The gnoll hits you from afar with a +0 halberd.
You shoot an arrow. The arrow closely misses the gnoll.
The gnoll closely misses you.
The gnoll hits you from afar with a +0 halberd!
You shoot an arrow. The arrow closely misses the gnoll.
The gnoll hits you from afar with a +0 halberd!
You shoot an arrow. The arrow hits the gnoll!
The gnoll is heavily wounded.
The gnoll closely misses you.
You shoot an arrow. The arrow hits the gnoll!
You kill the gnoll!
Your Ranged Weapons skill increases to level 5!
You shoot an arrow. The arrow barely misses the gnoll.
The gnoll hits you but does no damage.
The gnoll hits you from afar with a +0 spear.
You shoot an arrow. The arrow hits the gnoll.
The gnoll is moderately wounded.
The gnoll hits you but does no damage.
You shoot an arrow. The arrow closely misses the gnoll.
The gnoll barely misses you.
You shoot an arrow. The arrow hits the gnoll.
The gnoll is moderately wounded.
The gnoll completely misses you.
You shoot an arrow. The arrow barely misses the gnoll.
The gnoll barely misses you. x2
You shoot an arrow. The arrow closely misses the gnoll.
The gnoll hits you from afar with a +0 spear!
You die...

..... #...# #. #...# .##
#...# ..# #...# ...
##...######## #.#
......%.....####.####.<.
.<...............)g.....
......).....##..@#
.#...#.#######...##
.#...#.# #....# .#...#.#
#....# .#...#.# #....#
.#...#.# ####.######
...>.%.# #))....#
.....### ########..###.#
....##.###.....))....#


You could see a gnoll.

Vanquished Creatures
  Jessica (D:3)
  Terence (D:3)
  3 adders
  3 gnolls (D:3)
  2 dart slugs
  5 orcs (D:3)
  5 ball pythons
  6 endoplasms
  5 giant cockroaches
  2 goblins
  4 hobgoblins
  4 jackals (D:2)
  4 bats
  5 frilled lizards
  5 kobolds
  6 rats
  A spectral goblin (D:1)
62 creatures vanquished.

Notes
Turn   | Place    | Note
-------+----------+-------------------------------------------
     0 | D:1      | qw the Djinni Hunter began the quest for the Orb.
     0 | D:1      | Reached XP level 1. HP: 18/18 MP: 0/0
     0 | D:1      | 0 ||| qw: Version: 0.3-a-134-g2ba4250
     0 | D:1      | 0 ||| qw: Game counter: 758
     0 | D:1      | 0 ||| qw: Melee chars always use a shield: true
     0 | D:1      | 0 ||| qw: God list: Okawaru
     0 | D:1      | 0 ||| qw: Allow faded altars: false
     0 | D:1      | 0 ||| qw: Do Orc after clearing Dungeon:15 true
     0 | D:1      | 0 ||| qw: Do second Lair branch before Depths: true
     0 | D:1      | 0 ||| qw: Lair rune preference: random
     0 | D:1      | 0 ||| qw: Goals: Normal
     0 | D:1      | 0 ||| PLANNING D:1-11
    97 | D:1      | Reached XP level 2. HP: 23/23 MP: 0/0
   328 | D:1      | Found a faded altar of an unknown god.
   348 | D:1      | 348 ||| READING 2 scrolls labelled GUGYGO ADWAON.
   351 | D:1      | 351 ||| READING scroll labelled DESASACEUKK.
   351 | D:1      | 351 ||| ENCHANTING +0 shortbow.
   352 | D:1      | 352 ||| READING scroll labelled UMUT ARHES BAL.
   353 | D:1      | 353 ||| DROPPING scroll of butterflies.
   385 | D:2      | 385 ||| STAIRDANCE
   394 | D:2      | Reached XP level 3. HP: 27/28 MP: 0/0
   394 | D:2      | Learned a level 1 spell: Freeze
   395 | D:2      | Reached skill level 4 in Ranged Weapons
   607 | D:2      | HP: 7/29 [jackal (2)]
   608 | D:2      | 608 ||| READING scroll of teleportation.
   760 | D:2      | Reached XP level 4. HP: 34/34 MP: 0/0
   900 | D:2      | Reached skill level 3 in Fighting
  1053 | D:2      | 1053 ||| UPGRADING to +0 ring mail.
  1063 | D:2      | 1063 ||| DROPPING +0 leather armour.
  1064 | D:2      | 1064 ||| READING scroll labelled CUBEFOHAON.
  1165 | D:2      | 1165 ||| DRINKING 2 inky potions.
  1209 | D:3      | Reached skill level 1 in Armour
  1229 | D:3      | Noticed Jessica
  1233 | D:3      | Killed Jessica
  1245 | D:3      | Reached XP level 5. HP: 22/40 MP: 0/0
  1245 | D:3      | Learned a level 2 spell: Ensorcelled Hibernation
  1487 | D:3      | Noticed Terence
  1497 | D:3      | Killed Terence
  1610 | D:3      | HP: 5/40 [gnoll/+0 halberd (9)]
  1613 | D:3      | Reached skill level 5 in Ranged Weapons
  1613 | D:3      | HP: 1/40 [gnoll/+0 spear (5)]
  1618 | D:3      | Slain by a gnoll

Levels and vault maps discovered:
D:1:      giann_bridges, layout_rooms,
          dreamdust_ecumenical_altar_drowned_temple, minivault_11
D:2:      layout_basic, serial_corexii_hall, corexii_hall_statues_s,
          corexii_hall_statues_u
D:3:      layout_loops_cross, tgw_fedhas, serial_shops, shop,
          minmay_statues_item, uniq_jessica, uniq_terence

Skill      XL: |  1  2  3  4  5 |
---------------+----------------+-----
Ranged Weapons | 4 5 |  5.0
Fighting       | 3 |  3.0
Armour         | 1 |  1.0
Dodging        | |  2.3
Stealth        | |  0.7

Action                     |  1- 3 |  4- 6 || total
---------------------------+-------+-------++-------
   Fire: Shortbow          |    95 |   109 ||   204
    Use: Scroll            |     4 |     1 ||     5
         Potion            |       |     1 ||     1
 Armour: Leather armour    |    44 |       ||    44
         Ring mail         |       |    47 ||    47
  Dodge: Dodged            |    61 |    54 ||   115

Table legend:
 A = Non-vault XP
 B = Vault XP
 C = Vault XP percentage of total XP
 D = Non-vault monster count
 E = Vault monster count
 F = Vault count percentage of total count
                 A         B        C        D         E       F
            +---------+---------+-------+---------+---------+-------
      Total |     177 |      74 |  29.5 |      59 |       3 |   4.8
            +---------+---------+-------+---------+---------+-------
        D:1 |      25 |       1 |   3.8 |      17 |       1 |   5.6
        D:2 |      53 |       0 |   0.0 |      22 |       0 |   0.0
        D:3 |      99 |      73 |  42.4 |      20 |       2 |   9.1
            +---------+---------+-------+---------+---------+-------
